 Dungeon Crawl Stone Soup version 0.30.0-5-g1a98f26d00 (webtiles) character file.

Game seed: 18389548843960200253

318 retardedninja the Chopper (level 6, -11/56 HPs)
             Began as a Minotaur Fighter on May 8, 2023.
             Was an Initiate of the Shining One.
             Mangled by a two-headed ogre
             ... wielding a +0 giant spiked club
              (19 damage)
             ... on level 8 of the Dungeon.
             The game lasted 00:03:04 (2583 turns).

retardedninja the Chopper (Minotaur Fighter)        Turns: 2583, Time: 00:03:04

Health: -11/56     AC:  9    Str: 29    XL:     6   Next: 21%
Magic:  5/5        EV:  9    Int:  5    God:    the Shining One [......]
Gold:   165        SH:  4    Dex:  9    Spells: 5/5 levels left

rFire   . . .        a - +0 war axe
rCold   . . .        c - +0 buckler
rNeg    . . .        p - +0 chain mail
rPois   .            (helmet restricted)
rElec   .            (no cloak)
rCorr   .            (no gloves)
SInv    .            (no boots)
Will    .....        (no amulet) Stlth
                     m - +6 ring of strength
HPRegen 0.29/turn    (no ring)
MPRegen 0.09/turn

%: no passive effects
@: mighty, glowing
A: horns 2, retaliatory headbutt
a: Renounce Religion


You were on level 8 of the Dungeon.
You worshipped the Shining One.
The Shining One was noncommittal.
You visited 1 branch of the dungeon, and saw 7 of its levels.

You collected 165 gold pieces.

Inventory:

Hand Weapons
 a - a +0 war axe (weapon)
Armour
 c - a +0 buckler (worn)
 p - a +0 chain mail (worn)
Jewellery
 m - a +6 ring of strength (left hand)
Scrolls
 b - a scroll of fog {unknown}
 e - 2 scrolls of teleportation {unknown}
 h - a scroll of poison {unknown}
 i - 2 scrolls of enchant armour {unknown}
 j - 3 scrolls of vulnerability {unknown}
 q - a scroll of enchant weapon {unknown}
Potions
 f - 2 potions of invisibility
 k - a potion of attraction
 n - a potion of magic
 o - a potion of ambrosia {unknown}


   Skills:
 + Level 5.1 Fighting
 * Level 5.2 Axes
 + Level 5.1 Armour
 + Level 1.2 Dodging
 + Level 0.3 Stealth
 + Level 4.3 Shields


You had 5 spell levels left.
You didn't know any spells.
Your spell library contained the following spells:

 Spells                   Type           Power      Damage    Failure   Level
 Magic Dart               Conj           0%         1d3       94%         1
 Call Imp                 Summ           0%         N/A       98%         2
 Ensorcelled Hibernation  Hex/Ice        0%         N/A       98%         2
 Passwall                 Tmut/Erth      0%         N/A       98%         2
 Static Discharge         Conj/Air       0%         2-2/arc   98%         2
 Dazzling Flash           Conj/Hex       0%         N/A       100%        3
 Hailstorm                Conj/Ice       0%         3d3       100%        3
 Mephitic Cloud           Conj/Pois/Air  0%         N/A       100%        3
 Swiftness                Air            0%         N/A       100%        3
 Volatile Blastmotes      Fire/Tloc      0%         2d10      100%        3
 Iskenderun's Mystic Bla  Conj/Tloc      0%         2d3       100%        4
 Starburst                Conj/Fire      0%         6d3       100%        6
 Chain Lightning          Conj/Air       0%         N/A       100%        9


Dungeon Overview and Level Annotations

Branches:
Dungeon (8/15)
 Temple: D:4-7         Lair: D:8-11

Altars:
Qazlal
Trog
The Shining One

Shops:
D:5 *=[


Innate Abilities, Weirdness & Mutations

You have a pair of horns on your head.
You reflexively headbutt those who attack you in melee.


Message History

There are monsters nearby!
You feel very mighty all of a sudden.
Your divine halo glows too brightly for you to become invisible.
The two-headed ogre hits you with a +0 giant spiked club!!
The two-headed ogre hits you with a +0 giant spiked club!
You slash the two-headed ogre!
The two-headed ogre is lightly wounded.
You block the two-headed ogre's attack. The two-headed ogre closely misses you.
You barely miss the two-headed ogre.
The two-headed ogre is lightly wounded.
The two-headed ogre hits you with a +0 giant spiked club!
* * * LOW HITPOINT WARNING * * *
The two-headed ogre hits you with a +0 giant spiked club!
The Shining One protects you from harm!
You feel yourself speed up.
You see here a +0 robe.
You start resting.
A two-headed ogre is nearby!
A two-headed ogre is nearby!
Your extra speed is starting to run out.
You slice the two-headed ogre!!
Your headbutt misses the two-headed ogre.
The two-headed ogre is moderately wounded.
You block the two-headed ogre's attack. The two-headed ogre closely misses you.
You hit the two-headed ogre. You headbutt the two-headed ogre.
The two-headed ogre is heavily wounded.
You hear the slow hiss of a very distant avalanche of sand.
You slash the two-headed ogre!
The two-headed ogre is severely wounded.
The two-headed ogre hits you with a +0 giant spiked club!!
The Shining One protects you from harm!
The two-headed ogre hits you with a +0 giant spiked club!!
* * * LOW HITPOINT WARNING * * *
You slash the two-headed ogre!
The two-headed ogre is almost dead.
You feel yourself slow down.
It was a potion of curing.
You feel better.
The two-headed ogre hits you but does no damage.
The two-headed ogre hits you with a +0 giant spiked club!!
You die...

#.# #.# #.# #.#
#.# #.### #...#
####.###########
#.....oO@......#
#....#########.#
##.### #<# ###
###


You could see a two-headed ogre and an orc.

Vanquished Creatures
  A black bear (D:5)
  An ice beast (D:5)
  A hound (D:8)
  A sleepcap (D:4)
  3 adders
  3 gnolls (D:4)
  2 ball pythons (D:1)
  8 endoplasms
  2 giant cockroaches (D:1)
  A goblin (D:1)
  2 hobgoblins
  3 quokkas
  2 kobolds
  2 rats (D:1)
32 creatures vanquished.

Notes
Turn   | Place    | Note
-------+----------+-------------------------------------------
     0 | D:1      | retardedninja the Minotaur Fighter began the quest for the
                  | Orb.
     0 | D:1      | Reached XP level 1. HP: 19/19 MP: 0/0
   185 | D:1      | Reached XP level 2. HP: 25/27 MP: 1/1
   885 | D:2      | Reached XP level 3. HP: 33/33 MP: 2/2
   935 | D:2      | You fall into a shaft and drop 2 floors!
   987 | D:4      | Found a glowing golden altar of the Shining One.
  1052 | D:4      | Got the Omnibus of Wintry Damage
  1082 | D:4      | Reached XP level 4. HP: 28/40 MP: 3/3
  1160 | D:4      | Became a worshipper of the Shining One
  2002 | D:5      | Entered Level 5 of the Dungeon
  2002 | D:5      | Found Atyjoe's Antique Armour Shoppe.
  2007 | D:5      | Found Sudid's Jewellery Boutique.
  2063 | D:5      | Found a bloodstained altar of Trog.
  2118 | D:5      | Noticed an ice beast
  2128 | D:5      | Killed an ice beast
  2129 | D:5      | Reached XP level 5. HP: 24/47 MP: 4/4
  2361 | D:5      | Found Uthec's Assorted Antiques.
  2364 | D:5      | Noticed a black bear
  2374 | D:5      | Killed a black bear
  2375 | D:5      | Reached skill level 5 in Fighting
  2375 | D:5      | Reached skill level 5 in Axes
  2375 | D:5      | Reached skill level 5 in Armour
  2375 | D:5      | Reached skill level 1 in Dodging
  2375 | D:5      | Reached XP level 6. HP: 41/56 MP: 5/5
  2442 | D:6      | Found a stormy altar of Qazlal.
  2451 | D:6      | Noticed an ice beast
  2520 | D:8      | Noticed a two-headed ogre
  2530 | D:8      | The Shining One protects you from harm!
  2581 | D:8      | The Shining One protects you from harm!
  2581 | D:8      | HP: 1/56 [two-headed ogre/+0 giant spiked club (21)]
  2583 | D:8      | Mangled by a two-headed ogre

Illustrated notes

Levels and vault maps discovered:
D:1:      minmay_arrival_five_plusses, layout_basic
D:2:      layout_basic, minmay_fractal_squares_gapless_5
D:4:      layout_basic, tso_metal_star, serial_curves, eino_curves_02,
          eino_curves_03, eino_curves_03
D:5:      layout_cave_pods, nicolae_vehumet_altar_sigil, kennysheep_slug_shrine,
          mainiacjoe_overflow_cross_hatched, temple_statues, serial_shops,
          nicolae_shop_gaudy_bauble, shop, shop, nicolae_stop_n_shop_2, shop,
          roderic_nine_men_s_morris
D:6:      layout_cave_pools, grunt_qazlal_sundering, serial_shops, shop,
          st_stairs_12, guppyfry_early_elven_hall
D:7:      layout_rooms, mainiacjoe_overflow_surrounded_room,
          lemuel_coloured_pillars_altar, minitemple
D:8:      gammafunk_boulding_lane, layout_basic,
          grunt_dithmenos_smoke_and_mirrors, david_lair_generic,
          nicolae_ossuary_entry_plus, serial_shops, shop, uniq_maggie,
          uniq_gastronok

Skill      XL: |  1  2  3  4  5 |
---------------+----------------+-----
Shields        | 4 |  4.3
Armour         | 4 5 |  5.1
Fighting       | 4 5 |  5.1
Axes           | 3 4 5 |  5.2
Dodging        | 1 |  1.2
Stealth        | |  0.3

Action                     |  1- 3 |  4- 6 || total
---------------------------+-------+-------++-------
  Melee: War axe           |    51 |    43 ||    94
         Headbutt          |     5 |     4 ||     9
    Use: Scroll            |       |     4 ||     4
         Potion            |       |     3 ||     3
 Armour: Scale mail        |    25 |     3 ||    28
         Chain mail        |       |    16 ||    16
  Dodge: Dodged            |    25 |    18 ||    43
  Block: Buckler           |    10 |    13 ||    23
